 Dungeon Crawl Stone Soup version 0.27-a0-1101-ge311f74bc8 (webtiles) character file.

Game seed: 18410402824802595943

2662 tardwrangler69 the Geomancer (level 9, -2/51 HPs)
             Began as an Octopode Earth Elementalist on Apr 29, 2021.
             Slain by a wolf (11 damage)
             ... on level 8 of the Dungeon.
             The game lasted 00:09:33 (10138 turns).

tardwrangler69 the Geomancer (OpEE)                Turns: 10138, Time: 00:09:34

Health: -2/51      AC:  2    Str:  7    XL:     9   Next: 63%
Magic:  7/17       EV: 13    Int: 20    God:
Gold:   343        SH:  0    Dex: 13    Spells: 10/19 levels left

rFire    . . .     SeeInvis +   t - staff of earth
rCold    . . .     Faith    .   (no shield)
rNeg     . . .     Spirit   .   u - +1 hat
rPois    .         Reflect  .   j - amulet of magic regeneration
rElec    .         Harm     .   i - ring of see invisible
rCorr    .         Rampage  .   (no ring)
Will     .....                  (no ring)
Stlth    +++.......             (no ring)
HPRegen  0.17/turn              (no ring)
MPRegen  0.40/turn              (no ring)
                                (no ring)
                                (no ring)

@: no status effects
A: almost no armour, amphibious, 8 rings, camouflage 1, gelatinous body 1,
(nimble swimmer 1), tentacles
a: no special abilities


You were on level 8 of the Dungeon.
You visited 2 branches of the dungeon, and saw 9 of its levels.

You collected 433 gold pieces.
You spent 90 gold pieces at shops.

Inventory:

Hand Weapons
 c - a +3 dagger of holy wrath
 f - a +0 dagger of electrocution
Missiles
 b - 96 stones
 o - 5 throwing nets
Armour
 u - a +1 hat (worn)
Magical Staves
 t - a staff of earth (weapon)
Jewellery
 i - a ring of see invisible (left tentacle)
 j - an amulet of magic regeneration (around mantle)
 q - an amulet of regeneration
 r - a ring of ice
Wands
 l - a wand of acid (8)
Scrolls
 a - 5 scrolls of identify
 m - 4 scrolls of enchant armour
 n - a scroll of immolation {unknown}
 p - a scroll of teleportation
 v - 2 scrolls of fear {unknown}
Potions
 d - a potion of flight {unknown}
 e - 7 potions of curing
 g - a potion of lignification {unknown}
 h - a potion of heal wounds {unknown}
 k - a potion of attraction {unknown}
 s - a potion of ambrosia {unknown}


   Skills:
 - Level 2.0 Dodging
 - Level 2.6 Stealth
 + Level 5.9 Spellcasting
 * Level 6.9 Conjurations
 - Level 1.0 Transmutations
 * Level 9.3 Earth Magic


You had 10 spell levels left.
You knew the following spells:

 Your Spells              Type           Power      Damage    Failure   Level
a - Sandblast             Erth           100%       2d20      1%          1
b - Stone Arrow           Conj/Erth      100%       3d13      1%          3
c - Lee's Rapid Deconstr  Erth           30%        3d17*     6%          5

Your spell library contained the following spells:

 Spells                   Type           Power      Damage    Failure   Level
 Magic Dart               Conj           100%       1d8       1%          1
 Passwall                 Tmut/Erth      33%        N/A       1%          2
 Conjure Flame            Conj/Fire      19%        6-21      8%          3
 Mephitic Cloud           Conj/Pois/Air  15%        N/A       12%         3
 Petrify                  Tmut/Erth      40%        N/A       12%         4
 Blink                    Tloc           N/A        N/A       16%         2
 Call Imp                 Summ           5%         N/A       16%         2
 Slow                     Hex            5%         N/A       16%         2


Dungeon Overview and Level Annotations

Branches:
Dungeon (8/15)             Temple (1/1) D:4
   Lair: D:8-11

Altars:
Ashenzari
Cheibriados
Dithmenos
Elyvilon
Fedhas
Gozag
Hepliaklqana
Kikubaaqudgha
Makhleb
Nemelex Xobeh
Okawaru
Qazlal
Ru
Trog
Uskayaw
Wu Jian
Xom
Yredelemnul
The Shining One

Shops:
D:3 [   D:6 *

Annotations:
D:3 3 runed translucent doors, Zeldest's ghost, amateur DrAE


Innate Abilities, Weirdness & Mutations

You cannot wear most types of armour.
You are amphibious.
You can wear up to eight rings at the same time.
Your skin changes colour to match your surroundings (Stealth+).
Your rubbery body absorbs attacks. (AC +1, EV +1)
((You are camouflaged near water. (Stealth+)))
You have tentacles for arms and can constrict up to eight enemies at once.


Message History

Confirm with . or Enter, or press ? or * to list all spells.
Aiming: Stone Arrow (safe; 1% risk of failure)
Press: ? - help, Shift-Dir - straight line, f - water moccasin
Aim: a water moccasin (63% to hit)
You feel a surge of power!
The stone arrow hits the water moccasin.
The water moccasin is lightly wounded.
The wyvern hisses angrily.
The wolf bites something.
A water moccasin comes into view.
Casting: Stone Arrow (safe; 1% risk of failure)
Confirm with . or Enter, or press ? or * to list all spells.
Aiming: Stone Arrow (safe; 1% risk of failure)
Press: ? - help, Shift-Dir - straight line, f/p - water moccasin
Aim: a water moccasin (lightly wounded, 63% to hit)
You feel a surge of power!
The stone arrow hits the water moccasin!!
You kill the water moccasin!
The wolf bites you!
Casting: Stone Arrow (safe; 1% risk of failure)
Confirm with . or Enter, or press ? or * to list all spells.
Aiming: Stone Arrow (safe; 1% risk of failure)
Press: ? - help, Shift-Dir - straight line, f - wolf
Aim: a wolf (63% to hit)
You feel a surge of power!
The stone arrow hits the wolf!!
The wolf is almost dead.
The wolf bites you! x2
The wolf bites you. The wolf bites you!
* * * LOW HITPOINT WARNING * * *
The wolf bites you.
* * * LOW HITPOINT WARNING * * *
Casting: Stone Arrow (safe; 1% risk of failure)
Confirm with . or Enter, or press ? or * to list all spells.
Aiming: Stone Arrow (safe; 1% risk of failure)
Press: ? - help, Shift-Dir - straight line, f/p - wolf
Aim: a wolf (severely wounded, 63% to hit)
You feel a surge of power!
The stone arrow misses the wolf.
The wolf bites you!
You die...

..#.# #.#.#.# #.# #.#.#
#.#.#.#####.# #.#.#
#.#.#......<# ###.#.#
#.#.########## ..#.#.###.#.#
#.... #.#.......#.# #....
#.###.#..)).# #..## #>#
#.##)#########..#. #.####.#
#@##.#.......#....
#......###h##รท#........#... .
#Jhl.lh##.#.#####.<...#
...#####l#######.########.#...
#.......# #.<.....##.#..#
....h#.l.# #######.##.#..# ###
#J#.# ##.##.#..# ...#.#
#.....#... .......# #..#####.#


You could see a wyvern and 2 wolves.

Vanquished Creatures
  2 steam dragons
  3 water moccasins
  A black bear (D:7)
  An ice beast (D:7)
  A centaur (D:6)
  A wolf (D:8)
  3 phantoms
  A kobold brigand (D:7)
  2 bullfrogs
  A gnoll sergeant (D:4)
  A scorpion (D:6)
  2 water moccasin skeletons
  4 wights
  3 howler monkeys
  5 jellies
  A hound (D:4)
  A centaur zombie (D:7)
  2 orc priests
  3 bullfrog skeletons
  A centaur skeleton (D:7)
  A gnoll shaman (D:8)
  3 orc wizards
  An iguana (D:5)
  2 hound skeletons (D:4)
  A howler monkey skeleton (D:7)
  13 gnolls
  3 adders
  An adder skeleton (D:4)
  2 worms (D:3)
  2 dart slugs
  21 orcs
  9 endoplasms
  5 giant cockroaches
  8 goblins
  11 hobgoblins
  3 jackals (D:1)
  6 quokkas
  5 ball pythons
  3 bats
  2 frilled lizards
  15 kobolds
  8 rats
164 creatures vanquished.

Vanquished Creatures (others)
  4 fungi (D:8)
  14 plants (D:8)
18 creatures vanquished.

Grand Total: 182 creatures vanquished

Notes
Turn   | Place    | Note
-------+----------+-------------------------------------------
     0 | D:1      | tardwrangler69 the Octopode Earth Elementalist began the
                  | quest for the Orb.
     0 | D:1      | Reached XP level 1. HP: 11/11 MP: 3/3
   413 | D:1      | Reached XP level 2. HP: 17/17 MP: 5/5
   462 | D:1      | Found a faded altar of an unknown god.
   937 | D:1      | Reached XP level 3. HP: 21/21 MP: 6/6
  1271 | D:2      | Reached skill level 4 in Earth Magic
  2039 | D:3      | Found a runed translucent gate.
  2039 | D:3      | Noticed Zeldest's ghost (amateur DrAE)
  2041 | D:3      | Found a runed translucent gate.
  2041 | D:3      | Noticed a kobold brigand
  2042 | D:3      | Found a runed translucent gate.
  2157 | D:3      | Reached XP level 4. HP: 5/27 MP: 2/8
  2652 | D:3      | Found a bloodstained altar of Trog.
  2658 | D:3      | Noticed a bullfrog
  2663 | D:3      | Killed a bullfrog
  2664 | D:3      | Reached skill level 5 in Earth Magic
  2664 | D:3      | Reached XP level 5. HP: 31/31 MP: 6/9
  2769 | D:3      | Found a sparkling altar of Nemelex Xobeh.
  2863 | D:3      | Found Eript's Antique Armour Emporium.
  3478 | D:4      | Found a staircase to the Ecumenical Temple.
  3497 | Temple   | Entered the Ecumenical Temple
  4314 | D:4      | Reached XP level 6. HP: 36/36 MP: 8/11
  4595 | D:4      | Reached skill level 6 in Earth Magic
  5189 | D:3      | Learned a level 3 spell: Stone Arrow
  5194 | D:4      | Reached skill level 1 in Conjurations
  5596 | D:4      | Found a shimmering altar of Xom.
  5966 | D:5      | Entered Level 5 of the Dungeon
  5975 | D:5      | Reached XP level 7. HP: 27/41 MP: 11/13
  6730 | D:5      | Reached skill level 7 in Earth Magic
  6994 | D:6      | Reached XP level 8. HP: 46/46 MP: 1/14
  7110 | D:6      | Found Jugir's Assorted Antiques.
  7113 | D:6      | Bought a scroll labelled NUDUIH WUF for 30 gold pieces
  7113 | D:6      | Bought a scroll labelled ACOKIH EKYO for 30 gold pieces
  7113 | D:6      | Bought a scroll labelled NUDUIH WUF for 30 gold pieces
  7824 | D:6      | Found a shadowy altar of Dithmenos.
  7936 | D:6      | Reached skill level 5 in Spellcasting
  7936 | D:6      | Reached skill level 5 in Conjurations
  7936 | D:6      | Reached skill level 8 in Earth Magic
  8684 | D:7      | Reached XP level 9. HP: 51/51 MP: 9/16
  9251 | D:7      | Reached skill level 9 in Earth Magic
 10059 | D:8      | Learned a level 5 spell: Lee's Rapid Deconstruction
 10138 | D:8      | Slain by a wolf

Illustrated notes

Levels and vault maps discovered:
D:1:      minmay_arrival_shattered_statue, layout_basic,
          shapermc_ecumenical_altar_venn, minmay_ruptured
D:2:      layout_loops_cross, minmay_tromino_v2
D:3:      layout_loops_cross, general_overflow_altar,
          nemelex_spade_bored_becter, gammafunk_ghost_nasty_kobolds,
          serial_shops, shop_coins, due_unseen_surprise
D:4:      layout_basic, tgw_xom, minmay_temple_entry_slanted
D:5:      layout_gridville, minivault_26
D:6:      layout_rooms, serial_shops, nicolae_shop_behind_doors,
          kennysheep_small_circle
D:7:      layout_loops_corners
D:8:      layout_basic, led_sif_pool, minmay_lair_entry_grove, serial_shops,
          shop
Temple:   regret_index_temple_sphere_string

Skill      XL: |  1  2  3  4  5  6  7  8  9 |
---------------+----------------------------+-----
Earth Magic    | 4 5 6 7 8 9 |  9.3
Spellcasting   | 3 4 5 |  5.9
Conjurations   | 1 3 5 6 |  6.9
Dodging        | |  2.0
Stealth        | |  2.6
Transmutations | |  1.0

Action                   |  1- 3 |  4- 6 |  7- 9 || total
-------------------------+-------+-------+-------++-------
Melee: Unarmed           |     4 |       |       ||     4
       Dagger            |    52 |    94 |     9 ||   155
       Constrict         |    15 |    22 |     2 ||    39
       Tentacles         |     9 |    17 |     3 ||    29
 Cast: Sandblast         |    15 |    47 |    18 ||    80
       Stone Arrow       |       |     2 |    95 ||    97
  Use: Scroll            |       |       |    11 ||    11
 Stab: Sleeping          |    17 |     9 |       ||    26
Armor: Skin              |     2 |     6 |     3 ||    11
Dodge: Dodged            |    29 |    64 |    28 ||   121

Table legend: (Time is in decaauts)
 A = Elapsed time spent in this place.
 B = Non-inter-level travel time spent in this place.
 C = Inter-level travel time spent in this place.
 D = Time resting spent in this place.
 E = Time spent auto-exploring this place.
 F = Levels seen in this place.
 G = Mean time per level.
                   A        B        C        D        E       F      G
               +--------+--------+--------+--------+--------+-----+--------+
         Total |  10146 |   9822 |    324 |    942 |   7753 |   9 | 1127.3 |
       Dungeon |   9804 |   9512 |    292 |    942 |   7444 |   8 | 1225.5 |
        Temple |    341 |    309 |     32 |      0 |    309 |   1 |  341.0 |
               +--------+--------+--------+--------+--------+-----+--------+

Top non-repeatable levels by time:
     D:4: 1949 daAuts
     D:3: 1865 daAuts
     D:6: 1318 daAuts
     D:5: 1199 daAuts
     D:7: 1126 daAuts
     D:1: 1107 daAuts
     D:2: 926 daAuts
  Temple: 341 daAuts
     D:8: 311 daAuts
